 Dungeon Sprint DCSS version 0.18-a0-327-gb1de508 (webtiles) character file.

28 Kidiri the Sneak (level 2, 0/14 HPs)
             Began as a Spriggan Enchanter on Nov 27, 2015.
             Slain by a human (4 damage)
             ... in the Dungeon (Sprint III: "The Ten Rune Challenge").
             The game lasted 00:03:44 (705 turns).

Kidiri the Sneak (Spriggan Enchanter)                Turns: 705, Time: 00:03:44

Health: 0/14       AC:  3    Str:  4    XL:     2   Next: 96%
Magic:  1/8        EV: 20    Int: 16    God:
Gold:   0          SH:  0    Dex: 16    Spells: 2 memorised, 6 levels left

rFire  . . .     SeeInvis +     a - +1 dagger
rCold  . . .     Clarity  .     b - +1 robe
rNeg   . . .     SustAt   .     (shield restricted)
rPois  .         Gourm    .     (helmet restricted)
rElec  .         Spirit   .     (no cloak)
rCorr  .         Warding  .     (gloves unavailable)
rMut   .         NoTele   +     (boots unavailable)
MR     .....                    (no amulet)
Stlth  +++.......               (no ring)
                                (no ring)

@: very slightly contaminated, very quick, not resistant to hostile
enchantments, fairly stealthy
A: unfitting armour, see invisible, herbivore 3, speed 3, slow metabolism 2
a: no special abilities


You were in the Dungeon.
You were not hungry.

You visited 1 branch

Inventory:

Hand Weapons
 a - a +1 dagger (weapon)
Armour
 b - a +1 robe (worn)
Scrolls
 j - a scroll of blinking
Potions
 f - a potion of heal wounds
 g - a potion of haste
 h - 2 potions of magic
 i - a potion of berserk rage
 k - a potion of mutation {unknown}
Books
 c - a book of Maledictions

   Spells                             Type                      Level
   a - Corona                         Hexes                        1
   b - Ensorcelled Hibernation        Hexes/Ice                    2
   c - Confuse                        Hexes                        3
   d - Tukima's Dance                 Hexes                        3
   e - Dazzling Spray                 Conjuration/Hexes            3
Comestibles
 d - a bread ration


   Skills:
 + Level 1.2 Fighting
 * Level 2.8 Short Blades
 + Level 1.0 Armour
 * Level 4.6 Dodging
 * Level 5.6 Stealth
 * Level 4.0 Spellcasting
 + Level 4.2 Hexes
 + Level 0.0 Ice Magic


You had 6 spell levels left.
You knew the following spells:

 Your Spells              Type           Power        Failure   Level  Hunger
a - Corona                Hex            ###....      3%          1    None
b - Ensorcelled Hibernat  Hex/Ice        ##....       12%         2    ##.....


Dungeon Overview and Level Annotations

Branches:
Dungeon (1/1)

Altars:


Innate Abilities, Weirdness & Mutations

You are tiny and cannot use many weapons and most armour.
You have supernaturally acute eyesight.
You are a herbivore.
You cover ground extremely quickly.
You need consume almost no food.


Message History

You hit the human but do no damage.
The human is severely wounded.
You barely miss the human.
The human is severely wounded.
The human closely misses you.
You closely miss the human.
The human is severely wounded.
The human closely misses you.
You miss the human.
The human is severely wounded.
The human misses you.
You hit the human.
The human is severely wounded.
The human hits you!
Ouch! That really hurt!
* * * LOW HITPOINT WARNING * * *
You barely miss the human.
The human is severely wounded.
The human hits you.
You die...

▓<..#(..####
▓...#......##
▓..##.......# ..#
▓##.##.##..[# ..#
##.##.###..# #..#
▓#.####.##..# ...+
▓.###..##..## #...#
▓#.....##..###....#
###..##..@##..s..#
##..##...p#......#
#..###..##.#.....#
#%.# #..#####....#
▓▓▓▓ ▓▓▓▓ ▓▓▓▓▓


You could see a human.

Vanquished Creatures
  Jessica (D)
  3 rats (D)
4 creatures vanquished.

Vanquished Creatures (others)
  2 draconian scorchers (D)
  A yaktaur (D)
3 creatures vanquished.

Grand Total: 7 creatures vanquished

Notes
Turn   | Place    | Note
--------------------------------------------------------------
     0 | D        | Kidiri the Spriggan Enchanter began the quest for the Orb.
     0 | D        | Reached XP level 1. HP: 9/9 MP: 5/5
   181 | D        | Killed a yaktaur
   211 | D        | Killed a white draconian scorcher
   213 | D        | Noticed Jessica
   217 | D        | Killed Jessica
   217 | D        | Reached skill level 1 in Fighting
   217 | D        | Reached skill level 1 in Armour
   217 | D        | Reached skill level 5 in Stealth
   217 | D        | Reached XP level 2. HP: 12/14 MP: 6/8
   222 | D        | Learned a level 2 spell: Ensorcelled Hibernation
   279 | D        | Killed a white draconian scorcher
   327 | D        | Noticed a scorpion
   705 | D        | Slain by a human

Vault maps used:
D:        dungeon_sprint_mu

Action                   || total
-------------------------++-------
Melee: Dagger            ||    19
 Cast: Ensorcelled Hiber ||     8
  Use: Potion            ||     1
 Stab: Sleeping          ||     3
